[Event "Titled Tuesday Blitz March 08 Early 2022"]
[White "Sanchez Alvares, Kelvin Antonio"]
[Black "Vogel, Roven"]
[WhiteFideId "3906680"]
[BlackFideId "12908088"]
[WhiteElo "2193"]
[BlackElo "2516"]
[Result "1-0"]
[Round "10"]
[TimeControl "180+1"]
[Date "2022.03.08"]
[WhiteClock "0:00:08"]
[BlackClock "0:00:11"]

1. e4 e5 2. Nf3 Nc6 3. d4 exd4 4. Nxd4 Nf6 5. Nxc6 bxc6 6. e5 Qe7 7. Qe2 Nd5 8. c4 Ba6 9. b3 g6 10. Bb2 Bg7 11. Nd2 O-O 12. O-O-O Nf4 13. Qe4 Ne6 14. f4 f5 15. Qf3 Rab8 16. g3 c5 17. Qf2 Bb7 18. Bg2 a5 19. a4 d6 20. Rhe1 Nd4 21. Bxb7 Rxb7 22. Bxd4 cxd4 23. Qxd4 dxe5 24. Qd5+ Kh8 25. Qxb7 Qa3+ 26. Kc2 e4 27. Rc1 Rd8 28. Re2 e3 29. Kd1 Qb2 30. Rc2 Qb1+ 31. Rc1 Qb2 32. Rc2 Qa1+ 33. Rc1 Qd4 34. Qg2 Rb8 35. Qd5 exd2 36. Rxd2 Qe3 37. Qd3 Qc5 38. Re2 h5 39. Qe3 Qb4 40. Rd2 Qa3 41. Rd3 Qa2 42. Rc2 Qa3 43. Qc1 Qc5 44. Qe3 Qc6 45. Qf3 Qc5 46. Ke2 Qg1 47. Qf2 Qh1 48. Rcd2 Re8+ 49. Re3 Rb8 50. Red3 Re8+ 51. Re3 Rb8 52. Rd1 Qc6 53. Qf3 Qc5 54. Kf1 c6 55. Red3 Kh7 56. Kg2 Re8 57. Qf2 Qb4 58. h3 Re4 59. Re3 Rd4 60. Rxd4 Bxd4 61. Qe1 Bxe3 62. Qxe3 Kg7 63. Kf3 Kf7 64. g4 hxg4+ 65. hxg4 fxg4+ 66. Kxg4 Qf8 67. Qa7+ Kf6 68. Qxa5 Qc8+ 69. Kg3 Qd7 70. Qe5+ Kf7 71. c5 Qd3+ 72. Kf2 Qxb3 73. Qc7+ Kg8 74. Qxc6 Qc2+ 75. Kg3 Qd3+ 76. Kf2 Qd4+ 77. Kf3 Qd3+ 78. Kg4 Qf5+ 79. Kg3 Qd3+ 80. Kh4 Qd4 81. Qxg6+ Kf8 82. Qd6+ Qxd6 83. cxd6 Ke8 84. a5 Kd7 85. a6 Kxd6 86. a7 Kc7 87. a8=Q Kb6 88. Qd5 1-0


[Site "https://www.chess.com"]

[Event "Titled Tuesday Blitz March 08 Early 2022"]
[White "Sarkar, Justin"]
[Black "Hryshchenko, Kamila"]
[WhiteFideId "2010011"]
[BlackFideId "14147491"]
[WhiteElo "2038"]
[BlackElo "1929"]
[Result "0-1"]
[Round "10"]
[TimeControl "180+1"]
[Date "2022.03.09"]
[WhiteClock "0:00:01"]
[BlackClock "0:00:51"]

1. d4 d6 2. c4 Nf6 3. Nf3 g6 4. g3 Bg7 5. Bg2 O-O 6. O-O c6 7. Nc3 Nbd7 8. e4 e5 9. Qc2 Qe7 10. Rd1 a5 11. b3 exd4 12. Nxd4 Nc5 13. Bb2 Re8 14. f3 h6 15. Nde2 Be6 16. Rd2 a4 17. Rad1 axb3 18. axb3 b5 19. Rxd6 bxc4 20. bxc4 Bxc4 21. Nc1 Qb7 22. f4 Ng4 23. Qd2 Qb6 24. Kh1 Nb3 0-1


[Site "https://www.chess.com"]

[Event "Titled Tuesday Blitz March 08 Early 2022"]
[White "Shkapenko, Pavel"]
[Black "Vasquez Schroeder, Rodrigo"]
[WhiteFideId "4151933"]
[BlackFideId "3400042"]
[WhiteElo "2386"]
[BlackElo "2561"]
[Result "1-0"]
[Round "10"]
[TimeControl "180+1"]
[Date "2022.03.08"]
[WhiteClock "0:00:21"]
[BlackClock "0:00:50"]

1. e4 c5 2. c3 Nf6 3. e5 Nd5 4. d4 cxd4 5. cxd4 d6 6. Nf3 Nc6 7. Bc4 dxe5 8. Nxe5 e6 9. O-O Be7 10. Nf3 O-O 11. Nc3 b6 12. Nxd5 exd5 13. Bb5 Bb7 14. Bf4 Rc8 15. Rc1 a6 16. Bd3 Bf6 17. Bf5 Ra8 18. Re1 g6 19. Bb1 Re8 20. Qd2 Rc8 21. Ne5 Nxe5 22. dxe5 Bg7 23. Rxc8 Qxc8 24. a3 Qd7 25. Ba2 d4 26. Rd1 Bxe5 27. Bxe5 Rxe5 28. h3 Qd6 29. Qd3 Re7 30. h4 h5 31. a4 a5 32. Bc4 Qc6 33. f3 Qxa4 34. Qxd4 Qb4 35. Qf6 Qc5+ 36. Kh1 Qc7 37. Qxg6+ Kf8 38. Qh6+ Kg8 39. Qg5+ Kf8 40. Qxh5 Re5 41. Qh8+ Ke7 42. Bxf7 Rf5 43. Bg6 Qe5 44. Qh7+ Kf6 45. Qf7# 1-0


[Site "https://www.chess.com"]

[Event "Titled Tuesday Blitz March 08 Early 2022"]
[White "Shuvalov, Evgenij"]
[Black "Bilych, Olexiy"]
[WhiteFideId "4187237"]
[BlackFideId "14156504"]
[WhiteElo "2151"]
[BlackElo "2176"]
[Result "0-1"]
[Round "10"]
[TimeControl "180+1"]
[Date "2022.03.09"]
[WhiteClock "0:00:06"]
[BlackClock "0:00:06"]

1. Nf3 d5 2. c4 d4 3. b4 g5 4. Bb2 Bg7 5. Nxg5 e5 6. Nh3 Ne7 7. g3 O-O 8. d3 c5 9. bxc5 Nd7 10. Ba3 Nxc5 11. Bxc5 Qa5+ 12. Nd2 Qxc5 13. Bg2 f5 14. O-O Rb8 15. Rb1 b6 16. Qa4 a5 17. Qb5 Qc7 18. c5 Rf6 19. Rfc1 Bd7 20. Qb3+ Be6 21. Qb2 Bf7 22. Ng5 b5 23. Nxf7 Kxf7 24. Nf3 Bh6 25. Rc2 Rc6 26. e3 Rxc5 27. Rxc5 Qxc5 28. exd4 exd4 29. Nxd4 a4 30. Nf3 Bg7 31. Qe2 h6 32. d4 Qd6 33. Ne5+ Bxe5 34. dxe5 Qe6 35. Rd1 Rb6 36. Qh5+ Qg6 37. Qe2 b4 38. Rd7 b3 39. axb3 axb3 40. Bd5+ Ke8 41. Rd6 b2 42. Ba2 b1=Q+ 43. Bxb1 Rxb1+ 44. Kg2 Qg4 45. Qc4 Qxc4 0-1


[Site "https://www.chess.com"]

[Event "Titled Tuesday Blitz March 08 Early 2022"]
[White "Shuvalova, Polina"]
[Black "Hoffmann, Asa"]
[WhiteFideId "24171760"]
[BlackFideId "2001470"]
[WhiteElo "2355"]
[BlackElo "2117"]
[Result "1-0"]
[Round "10"]
[TimeControl "180+1"]
[Date "2022.03.09"]
[WhiteClock "0:00:06"]
[BlackClock "0:00:09"]

1. d4 Nf6 2. Nf3 d6 3. c4 Bf5 4. Nc3 Nbd7 5. h3 h6 6. g4 Bh7 7. Bg2 c6 8. Bf4 Qa5 9. Qd2 e5 10. Bg3 Be7 11. O-O Rd8 12. a3 Qc7 13. b4 O-O 14. Qe3 Rfe8 15. dxe5 dxe5 16. Rfd1 Nb6 17. Bxe5 Qc8 18. Rxd8 Bxd8 19. Qf4 Qe6 20. c5 Nbd5 21. Nxd5 Nxd5 22. Qd4 Bf6 23. Bxf6 Nxf6 24. e3 Qb3 25. Nd2 Qc2 26. a4 a6 27. Bf1 Be4 28. Re1 Qxa4 29. Nxe4 Rxe4 30. Qd8+ Re8 31. Qb6 Qc2 32. Qxb7 Ne4 33. Re2 Qd1 34. Qxc6 Re6 35. Qc8+ Kh7 36. Qf8 Ng5 37. f4 Nxh3+ 38. Kg2 Nxf4+ 39. exf4 Rxe2+ 40. Bxe2 Qxe2+ 41. Kg3 Qe3+ 42. Kg2 Qxf4 43. Qd6 Qxg4+ 44. Kf2 Qxb4 45. Qd3+ g6 46. Qd5 Kg7 47. c6 Qc3 48. Qd7 Qc2+ 49. Ke3 Qc3+ 50. Ke4 Qc4+ 51. Qd4+ Qxd4+ 52. Kxd4 Kf6 53. c7 1-0


[Site "https://www.chess.com"]

[Event "Titled Tuesday Blitz March 08 Early 2022"]
[White "Shyaamnikhil P"]
[Black "Bethke, Richard"]
[WhiteFideId "5024218"]
[BlackFideId "12959243"]
[WhiteElo "2329"]
[BlackElo "2552"]
[Result "1-0"]
[Round "10"]
[TimeControl "180+1"]
[Date "2022.03.08"]
[WhiteClock "0:02:10"]
[BlackClock "0:00:34"]

1. e4 c5 2. Nc3 Nc6 3. f4 g6 4. Nf3 Bg7 5. Bb5 Nd4 6. O-O a6 7. Bd3 e6 8. e5 d5 9. Nxd4 cxd4 10. Ne2 Ne7 11. Kh1 Nc6 12. a3 f6 13. b4 fxe5 14. fxe5 Nxe5 15. Bb2 Nxd3 16. cxd3 e5 17. Qe1 Bf5 18. Nxd4 O-O 19. Nxf5 Rxf5 20. Rxf5 gxf5 21. Bxe5 Qd7 22. d4 Re8 23. Qg3 Kh8 24. Rf1 Rg8 25. h3 h6 26. Qg6 Rf8 27. Qxh6+ Kg8 28. Qg5 Kh7 29. Rf4 Bh6 30. Rh4 1-0


[Site "https://www.chess.com"]

[Event "Titled Tuesday Blitz March 08 Early 2022"]
[White "Sinitsina, Anastassia"]
[Black "Zaksaite, Salomeja"]
[WhiteFideId "4504640"]
[BlackFideId "12801496"]
[WhiteElo "2144"]
[BlackElo "1953"]
[Result "1-0"]
[Round "10"]
[TimeControl "180+1"]
[Date "2022.03.09"]
[WhiteClock "0:02:41"]
[BlackClock "0:01:45"]

1. Nf3 Nf6 2. g3 g6 3. Bg2 Bg7 4. O-O d5 5. d4 O-O 6. c4 dxc4 7. Qc2 Nc6 8. Rd1 h6 9. Qxc4 Be6 10. Qc2 Nb4 11. Qa4 a6 12. Qxb4 1-0


[Site "https://www.chess.com"]

[Event "Titled Tuesday Blitz March 08 Early 2022"]
[White "Siva Mahadevan"]
[Black "Barrientos, Sergio E"]
[WhiteFideId "25043153"]
[BlackFideId "4401824"]
[WhiteElo "2203"]
[BlackElo "2397"]
[Result "1-0"]
[Round "10"]
[TimeControl "180+1"]
[Date "2022.03.08"]
[WhiteClock "0:00:09"]
[BlackClock "0:00:10"]

1. e4 c5 2. Nf3 e6 3. d4 cxd4 4. Nxd4 a6 5. Nc3 b5 6. Bd3 Bb7 7. O-O Nc6 8. Nxc6 Bxc6 9. Qe2 Ne7 10. a3 Ng6 11. Be3 Be7 12. f4 O-O 13. Rad1 Qc7 14. Kh1 Bb7 15. Qh5 Rac8 16. Rf3 Rfd8 17. Rh3 Nf8 18. Rf1 Bc5 19. Bd2 Bd4 20. f5 exf5 21. exf5 Bf6 22. Rg3 d5 23. Ne2 Re8 24. Nf4 Re4 25. Bxe4 dxe4 26. c3 Qc4 27. Kg1 Rd8 28. Be3 a5 29. Qg4 b4 30. Nh5 Be5 31. Bf4 Qc5+ 32. Be3 Qb5 33. Bd4 Ba6 34. Ra1 Rxd4 35. cxd4 Bxd4+ 36. Kh1 g6 37. Qxe4 Be5 38. fxg6 hxg6 39. Nf4 Bb7 40. Qe2 Qxe2 41. Nxe2 Bxb2 42. Rb1 bxa3 43. Rxa3 Bxa3 44. Rxb7 Bb4 45. Nd4 Ne6 46. Nc6 Nc5 47. Rb8+ Kg7 48. Nxb4 axb4 49. Rxb4 Nd3 50. Rd4 Ne5 51. h3 Nc6 52. Rd6 Ne5 53. Kh2 Nc4 54. Rd4 Ne3 55. Re4 Nd5 56. Kg3 Nf6 57. Ra4 Nh5+ 58. Kf3 Nf6 59. g4 Nd7 60. Kf4 Nc5 61. Rc4 Ne6+ 62. Kg3 g5 63. Ra4 Kg6 64. Ra5 f6 65. Ra6 Nc5 66. Rc6 Ne4+ 67. Kf3 Nd2+ 68. Ke3 Nf1+ 69. Ke2 Ng3+ 70. Kf3 Nf1 71. Rc2 f5 72. Rc6+ Kf7 73. gxf5 Nd2+ 74. Ke3 Nb3 75. Ke4 Nd2+ 76. Kd5 Nf3 77. Rg6 Ng1 78. Rxg5 Nxh3 79. Rg4 Kf6 80. Rh4 Ng5 81. Rf4 Nh3 82. Rf1 Ng5 83. Kd4 Nf7 84. Ke4 Nd6+ 85. Kd5 Nf7 86. Rf4 Kg5 87. Rf1 Kf6 88. Rf2 Kg5 89. Ke6 Nd8+ 90. Kd7 Nf7 91. f6 Kg6 92. Ke7 Ne5 93. f7 Nc6+ 94. Kd6 Nd4 95. f8=Q 1-0


[Site "https://www.chess.com"]

[Event "Titled Tuesday Blitz March 08 Early 2022"]
[White "Sovetbekova, Nurai"]
[Black "Horak, Martin"]
[WhiteFideId "13801910"]
[BlackFideId "367095"]
[WhiteElo "1538"]
[BlackElo "1997"]
[Result "0-1"]
[Round "10"]
[TimeControl "180+1"]
[Date "2022.03.09"]
[WhiteClock "0:00:03"]
[BlackClock "0:00:04"]

1. d4 Nf6 2. c4 b6 3. d5 e5 4. Nc3 Bb4 5. Bd2 O-O 6. Qc2 Na6 7. a3 Bxc3 8. Bxc3 d6 9. b4 e4 10. e3 Re8 11. Ne2 Nb8 12. Ng3 a5 13. Be2 axb4 14. axb4 Rxa1+ 15. Bxa1 Na6 16. Qc3 Qe7 17. O-O Nb8 18. Rc1 Nbd7 19. Qc2 h6 20. Nf5 Qf8 21. Bd4 Ne5 22. Ng3 Ng6 23. Qd2 Ne5 24. c5 bxc5 25. bxc5 Qe7 26. Qc2 Ng6 27. Bb5 Bd7 28. Nf5 Bxf5 29. Bxe8 Nxe8 30. cxd6 cxd6 31. Qc6 Kh7 32. Qa8 Nf6 33. Qc6 h5 34. Bb2 h4 35. Ba3 Ne8 36. Rb1 Qg5 37. Bxd6 h3 38. g3 Qg4 39. Qc1 Qf3 40. Qd1 Nxd6 41. Qxf3 exf3 42. Rd1 Be4 43. Kf1 f5 44. Ke1 Ne5 45. Rd4 Kg6 46. Kd2 Kf6 47. Kc3 Nb5+ 48. Kb4 Nxd4 49. exd4 Nd7 50. Kb5 Bxd5 0-1


[Site "https://www.chess.com"]

[Event "Titled Tuesday Blitz March 08 Early 2022"]
[White "Spitzl, Vinzent"]
[Black "Baker, Chris W"]
[WhiteFideId "12901253"]
[BlackFideId "401676"]
[WhiteElo "2160"]
[BlackElo "2262"]
[Result "1-0"]
[Round "10"]
[TimeControl "180+1"]
[Date "2022.03.09"]
[WhiteClock "0:00:16"]
[BlackClock "0:00:15"]

1. e4 e5 2. Nf3 Nc6 3. Bc4 Bc5 4. c3 Nf6 5. d4 exd4 6. cxd4 Bb4+ 7. Nc3 d5 8. exd5 Nxd5 9. O-O Bxc3 10. bxc3 O-O 11. Re1 Bg4 12. Ba3 Nxc3 13. Qb3 Bxf3 14. Qxc3 Bd5 15. Bxf8 Kxf8 16. Bxd5 Qxd5 17. Qc5+ Qxc5 18. dxc5 Rd8 19. Rab1 b6 20. Red1 Nd4 21. cxb6 axb6 22. Kf1 Ke7 23. Rb4 Ne6 24. Rxd8 Kxd8 25. Ke2 Kd7 26. Ke3 Kd6 27. h4 h5 28. Rb1 g6 29. f3 Nc5 30. g4 hxg4 31. fxg4 Ke6 32. Kf4 Nd7 33. Kg5 Ne5 34. h5 f6+ 35. Kh6 gxh5 36. gxh5 Nf7+ 37. Kg7 f5 38. Re1+ Ne5 39. h6 1-0


[Site "https://www.chess.com"]

[Event "Titled Tuesday Blitz March 08 Early 2022"]
[White "Stefanov, Plamen"]
[Black "Khamdamova, Afruza"]
[WhiteFideId "2900980"]
[BlackFideId "14210444"]
[WhiteElo "2137"]
[BlackElo "1660"]
[Result "1-0"]
[Round "10"]
[TimeControl "180+1"]
[Date "2022.03.09"]
[WhiteClock "0:00:10"]
[BlackClock "0:00:01"]

1. e4 e5 2. Nf3 Nf6 3. Nxe5 d6 4. Nd3 Nxe4 5. Qe2 Qe7 6. Nf4 c6 7. d3 Nf6 8. Nc3 d5 9. Be3 Bf5 10. O-O-O Nbd7 11. h3 h5 12. g3 c5 13. Ncxd5 Nxd5 14. Nxd5 Qe5 15. Nc7+ Qxc7 16. Bf4+ Ne5 17. Bxe5 Qe7 18. d4 O-O-O 19. Bg2 f6 20. Qf3 Be6 21. d5 Bf7 22. Bf4 g5 23. Be3 Bg7 24. d6 Qd7 25. Bxc5 Kb8 26. Qa3 a6 27. Bb6 Rc8 28. Bc7+ Rxc7 29. dxc7+ Qxc7 30. Rhe1 Rc8 31. c3 Bf8 32. Qa4 Bg6 33. Qd4 Bc5 34. Qd7 Bxf2 35. Re7 Bxg3 36. Qe6 Bf4+ 37. Rd2 Bxd2+ 38. Kxd2 Qf4+ 39. Ke1 Qc1+ 40. Kf2 Qd2+ 41. Kg1 Qc1+ 42. Kh2 Qf4+ 43. Kg1 1-0


[Site "https://www.chess.com"]

[Event "Titled Tuesday Blitz March 08 Early 2022"]
[White "Svane, Frederik"]
[Black "Mitusov, Semen"]
[WhiteFideId "12923044"]
[BlackFideId "14151049"]
[WhiteElo "2459"]
[BlackElo "2265"]
[Result "1-0"]
[Round "10"]
[TimeControl "180+1"]
[Date "2022.03.08"]
[WhiteClock "0:00:50"]
[BlackClock "0:01:31"]

1. e4 e5 2. Nf3 Nc6 3. Bb5 a6 4. Ba4 Nf6 5. Nc3 b5 6. Bb3 Be7 7. d3 d6 8. a3 h6 9. h3 O-O 10. g4 Nh7 11. Be3 Bf6 12. Qd2 Nd4 13. Bxd4 exd4 14. Nd5 c5 15. Rg1 Be6 16. h4 Bxh4 17. O-O-O Bf6 18. g5 hxg5 19. Rg2 g4 20. Rh1 gxf3 21. Qh6 Bg5+ 22. Rxg5 Qxg5+ 23. Qxg5 Nxg5 24. Ne7# 1-0


[Site "https://www.chess.com"]

[Event "Titled Tuesday Blitz March 08 Early 2022"]
[White "Svane, Rasmus"]
[Black "Timofeev, Artyom"]
[WhiteFideId "4657101"]
[BlackFideId "4140419"]
[WhiteElo "2645"]
[BlackElo "2594"]
[Result "1/2-1/2"]
[Round "10"]
[TimeControl "180+1"]
[Date "2022.03.08"]
[WhiteClock "0:00:03"]
[BlackClock "0:00:08"]

1. Nf3 c5 2. c4 Nf6 3. Nc3 g6 4. e4 Nc6 5. d4 cxd4 6. Nxd4 Nxd4 7. Qxd4 d6 8. Be3 Bg7 9. f3 O-O 10. Qd2 a5 11. Be2 a4 12. O-O Qa5 13. Rac1 Be6 14. Rc2 Rfc8 15. b3 axb3 16. axb3 Qb4 17. Rb1 Nd7 18. Nb5 Qxd2 19. Rxd2 Nc5 20. Kf2 Bd7 21. Nd4 Ra3 22. Bd1 Rca8 23. b4 Nd3+ 24. Ke2 Ne5 25. Bb3 Rxb3 26. Nxb3 Nxc4 27. Rc2 Bb5 28. Kf2 f5 29. exf5 gxf5 30. Na5 Nxe3 31. Kxe3 b6 32. Nc4 Kf7 33. Rbc1 Ra6 34. f4 Bd7 35. Ke2 Be6 36. Ne3 b5 37. Rc7 Bd4 38. Rb7 Ra2+ 39. Kd3 Bxe3 40. Kxe3 Bc4 41. Rg1 Kf6 42. g4 Re2+ 43. Kf3 Rxh2 44. g5+ Kf7 45. Kg3 Re2 46. Rh1 Kg7 47. Rh6 Re3+ 48. Kf2 Re2+ 49. Kf3 Re1 50. Rxd6 Kf8 51. Rd8+ Kf7 52. Kf2 Re4 53. Kg3 Re3+ 54. Kh2 Re4 55. Rdd7 Rxf4 56. Rxe7+ Kg6 57. Rg7+ Kh5 58. Rb6 Rh4+ 59. Kg3 Rg4+ 60. Kf2 Rf4+ 61. Ke3 Re4+ 62. Kf3 Be2+ 63. Kf2 Kg4 64. Rh6 Bc4 65. Rhxh7 Re2+ 66. Kg1 Re1+ 67. Kf2 Re2+ 68. Kf1 Re1+ 69. Kf2 Re2+ 1/2-1/2


[Site "https://www.chess.com"]

[Event "Titled Tuesday Blitz March 08 Early 2022"]
[White "Taichman, Ori"]
[Black "Wagner, Dennis"]
[WhiteFideId "2804069"]
[BlackFideId "24650684"]
[WhiteElo "2227"]
[BlackElo "2355"]
[Result "0-1"]
[Round "10"]
[TimeControl "180+1"]
[Date "2022.03.08"]
[WhiteClock "0:00:14"]
[BlackClock "0:00:39"]

1. e4 c5 2. b3 g6 3. Bb2 Nf6 4. Qf3 d6 5. Nc3 Bg7 6. Nd5 O-O 7. Nxf6+ exf6 8. O-O-O Nc6 9. h4 h5 10. Qg3 Qa5 11. Kb1 Rd8 12. Be2 b5 13. Bxh5 c4 14. Be2 Be6 15. h5 Nb4 16. a3 Nxc2 17. bxc4 bxc4 18. Kxc2 Qa4+ 19. Kc1 Rab8 20. h6 Rxb2 21. Kxb2 Rb8+ 22. Kc1 Qb5 23. Qc3 Qb1# 0-1


[Site "https://www.chess.com"]

[Event "Titled Tuesday Blitz March 08 Early 2022"]
[White "Tarhan, Adar"]
[Black "Hambleton, Aman"]
[WhiteFideId "34544712"]
[BlackFideId "2606577"]
[WhiteElo "1802"]
[BlackElo "2552"]
[Result "0-1"]
[Round "10"]
[TimeControl "180+1"]
[Date "2022.03.09"]
[WhiteClock "0:00:58"]
[BlackClock "0:00:07"]

1. e4 b6 2. d4 Bb7 3. Bd3 e6 4. Nf3 d5 5. e5 Ba6 6. Bxa6 Nxa6 7. c4 Nb8 8. Nc3 Ne7 9. O-O Nbc6 10. Bg5 h6 11. Bxe7 Nxe7 12. cxd5 Nxd5 13. Qa4+ Qd7 14. Qxd7+ Kxd7 15. Nxd5 exd5 16. Rac1 Be7 17. Rfd1 a5 18. Rc2 a4 19. e6+ fxe6 20. Ne5+ Kc8 21. Rdc1 c5 22. dxc5 bxc5 23. Ng6 Re8 24. Nxe7+ Rxe7 25. Rxc5+ Kd7 26. Rc7+ Ke8 27. Rxe7+ Kxe7 28. Rc7+ Kf6 29. Rb7 Rc8 30. g3 Rc1+ 31. Kg2 h5 32. h4 Rc2 33. Kf3 a3 34. bxa3 Rxa2 35. Rb3 Kf5 36. Ke3 e5 37. Kf3 d4 38. Kg2 e4 39. Rb5+ Ke6 40. Rxh5 e3 41. Kf3 Rxf2+ 42. Ke4 Rd2 43. Re5+ Kd6 44. Re8 Kd7 45. Re5 e2 46. Kf3 d3 47. Kf2 Rd1 48. Re3 Rf1+ 49. Kg2 e1=Q 50. Rxe1 Rxe1 51. Kf2 d2 52. a4 d1=Q 53. a5 Qe2# 0-1


[Site "https://www.chess.com"]

[Event "Titled Tuesday Blitz March 08 Early 2022"]
[White "Tologon tegin, Semetei"]
[Black "Kosakowski, Jakub"]
[WhiteFideId "13800574"]
[BlackFideId "1185080"]
[WhiteElo "2258"]
[BlackElo "2476"]
[Result "1-0"]
[Round "10"]
[TimeControl "180+1"]
[Date "2022.03.08"]
[WhiteClock "0:00:04"]
[BlackClock "0:00:01"]

1. e4 Nf6 2. e5 Nd5 3. d4 Nb6 4. Nf3 d5 5. h3 Bf5 6. Be3 e6 7. Nbd2 Be7 8. a3 N8d7 9. c4 dxc4 10. Nxc4 c6 11. Be2 Nxc4 12. Bxc4 Nb6 13. Bb3 O-O 14. O-O Nd5 15. Rc1 Qb6 16. Nd2 Rfd8 17. Nc4 Qa6 18. Qf3 Rac8 19. Rfd1 Bg6 20. Qg3 b5 21. Nd6 Rb8 22. Bg5 f6 23. Bh4 Qb6 24. Bc2 Bxc2 25. Rxc2 Bxd6 26. exd6 Rd7 27. Rdc1 Rc8 28. Re2 Re8 29. Rc5 b4 30. a4 b3 31. a5 Qb4 32. Rxc6 Qxd4 33. Kh2 g5 34. Bxg5 fxg5 35. Qxg5+ Qg7 36. Qh4 Qg6 37. Re4 Rg7 38. Rg4 Qf6 39. Qg3 Qxb2 40. Rcc4 Rxg4 41. Rxg4+ Kh8 42. d7 Rd8 43. Qh4 Qf6 44. Qh5 Qe7 45. Qe5+ Nf6 46. Rf4 Kg7 47. Qg5+ Kf7 48. Qh5+ Kf8 49. Qh6+ Kg8 50. Rxf6 b2 51. Rxe6 Qxd7 52. Qg5+ Qg7 53. Qxd8+ Kf7 54. Qd7+ 1-0


[Site "https://www.chess.com"]

[Event "Titled Tuesday Blitz March 08 Early 2022"]
[White "Tymrakiewicz, Rafal"]
[Black "Rudzinska, Michalina"]
[WhiteFideId "1108832"]
[BlackFideId "1172883"]
[WhiteElo "2205"]
[BlackElo "1904"]
[Result "1-0"]
[Round "10"]
[TimeControl "180+1"]
[Date "2022.03.09"]
[WhiteClock "0:00:09"]
[BlackClock "0:00:23"]

1. d4 h5 2. e4 g6 3. f4 Bg7 4. Nf3 d6 5. Be3 Nf6 6. Nbd2 O-O 7. h3 b6 8. Bd3 c5 9. c3 Ba6 10. Bxa6 Nxa6 11. Ng5 Bh6 12. g4 cxd4 13. cxd4 e5 14. Qa4 exf4 15. Bxf4 Nxg4 16. hxg4 Bxg5 17. Bxg5 Qxg5 18. Qxa6 Qxg4 19. Qe2 Qg3+ 20. Qf2 Qd3 21. Qe2 Qxd4 22. Nf3 Qb4+ 23. Kf2 Rfe8 24. Rhe1 Rac8 25. Rad1 Rc4 26. Nd2 Rc2 27. Qd3 Rxb2 28. Re2 Rxa2 29. Rde1 Ra3 30. Qc4 Qb2 31. Nf3 Qf6 32. Re3 Rxe3 33. Rxe3 h4 34. Qd4 Qf4 35. e5 Qxd4 36. Nxd4 dxe5 37. Nf3 h3 38. Kg3 f6 39. Kxh3 Kf7 40. Rc3 Re7 41. Rc6 Rb7 42. Nd2 b5 43. Ne4 a5 44. Nd6+ Ke7 45. Nxb7 b4 46. Rb6 e4 47. Nxa5 e3 48. Rxb4 f5 49. Kg3 g5 50. Kf3 f4 51. Rb1 Kf6 52. Nc4 Kf5 53. Nxe3+ fxe3 54. Kxe3 Kg4 55. Rg1+ Kh4 56. Kf3 Kh5 57. Rg4 Kh6 58. Ke4 Kg6 59. Ke5 Kh5 60. Kf5 Kh6 61. Rxg5 1-0


[Site "https://www.chess.com"]

[Event "Titled Tuesday Blitz March 08 Early 2022"]
[White "Van den Dikkenberg, Erik"]
[Black "Carre, Sylvain"]
[WhiteFideId "1005880"]
[BlackFideId "642118"]
[WhiteElo "2118"]
[BlackElo "2105"]
[Result "1-0"]
[Round "10"]
[TimeControl "180+1"]
[Date "2022.03.09"]
[WhiteClock "0:00:35"]
[BlackClock "0:00:18"]

1. e4 e5 2. Nf3 Nf6 3. Nxe5 d6 4. Nf3 Nxe4 5. Nc3 Nxc3 6. dxc3 Be7 7. Bf4 Nd7 8. Qd2 Nc5 9. O-O-O O-O 10. h4 Bg4 11. Kb1 a5 12. Bd3 Nxd3 13. Qxd3 Bxf3 14. Qxf3 c6 15. h5 d5 16. g4 Bg5 17. h6 Bxf4 18. hxg7 Bg5 19. gxf8=Q+ Qxf8 20. Qf5 Qg7 21. f4 Be7 22. Rde1 Bf8 23. Qd7 Rb8 24. g5 a4 25. f5 Kh8 26. g6 fxg6 27. Qe6 g5 28. f6 Qg8 29. Qe5 Rd8 30. Rh5 h6 31. Reh1 Qf7 32. Rxg5 Bd6 33. Rxh6+ 1-0


[Site "https://www.chess.com"]

[Event "Titled Tuesday Blitz March 08 Early 2022"]
[White "Vianello, Enrico"]
[Black "Necula, Iulian"]
[WhiteFideId "810738"]
[BlackFideId "1232380"]
[WhiteElo "2252"]
[BlackElo "1776"]
[Result "1-0"]
[Round "10"]
[TimeControl "180+1"]
[Date "2022.03.09"]
[WhiteClock "0:00:33"]
[BlackClock "0:00:04"]

1. c4 d6 2. d4 f5 3. Nc3 Nf6 4. g3 g6 5. Nh3 Bg7 6. Bg2 O-O 7. O-O c6 8. Qc2 e5 9. dxe5 dxe5 10. e4 Na6 11. exf5 Bxf5 12. Qe2 Nb4 13. Rd1 Qe7 14. Be3 Nc2 15. Rac1 Nxe3 16. Qxe3 Qb4 17. b3 Ng4 18. Qe2 Bh6 19. f4 Rae8 20. Qb2 Qc5+ 21. Kh1 exf4 22. gxf4 Ne3 23. Na4 Qe7 24. Re1 Bg7 25. Qf2 Bd4 26. Qg3 Qg7 27. Nc3 Nxg2 28. Kxg2 Be4+ 29. Nxe4 Bb2 30. Rcd1 Ba3 31. Nhf2 h6 32. Kh1 Be7 33. Rg1 g5 34. fxg5 hxg5 35. Ng4 Rf4 36. Nef2 Bf6 37. Nxf6+ Qxf6 38. Qxg5+ Qxg5 39. Rxg5+ Kf7 40. Nh3 Rf3 41. Rg3 Rxg3 42. hxg3 Re2 43. Rf1+ Kg6 44. Rf2 Rxf2 45. Nxf2 Kg5 46. Kg2 Kf5 47. Kf3 a6 48. g4+ Kf6 49. Kf4 b6 50. g5+ Kg6 51. Ne4 c5 52. Ke5 b5 53. Kd5 bxc4 54. bxc4 Kf5 55. Kxc5 Kxe4 56. g6 Kf5 57. g7 1-0


[Site "https://www.chess.com"]

[Event "Titled Tuesday Blitz March 08 Early 2022"]
[White "Voit, Daria"]
[Black "Mayaud, Raphael"]
[WhiteFideId "4182146"]
[BlackFideId "627151"]
[WhiteElo "2323"]
[BlackElo "2191"]
[Result "1-0"]
[Round "10"]
[TimeControl "180+1"]
[Date "2022.03.09"]
[WhiteClock "0:01:05"]
[BlackClock "0:00:05"]

1. d4 Nf6 2. Bg5 Ne4 3. Bf4 d5 4. f3 Nf6 5. Nc3 c5 6. dxc5 a6 7. e3 Nc6 8. a3 e5 9. Bg5 Bxc5 10. b4 Nxb4 11. axb4 Bxb4 12. Ne2 d4 13. exd4 exd4 14. Ra4 Bxc3+ 15. Nxc3 dxc3 16. Bb5+ Bd7 17. Bxf6 gxf6 18. Re4+ Kf8 19. Qd6+ Kg7 20. Bxd7 Rf8 21. O-O Qa5 22. Rg4+ 1-0


[Site "https://www.chess.com"]

[Event "Titled Tuesday Blitz March 08 Early 2022"]
[White "Vusatiuk, Vladimir"]
[Black "Papasimakopoulos, Alexandros"]
[WhiteFideId "14118610"]
[BlackFideId "4244125"]
[WhiteElo "2157"]
[BlackElo "2340"]
[Result "0-1"]
[Round "10"]
[TimeControl "180+1"]
[Date "2022.03.08"]
[WhiteClock "0:00:01"]
[BlackClock "0:00:31"]

1. d4 e6 2. c4 Nf6 3. Nc3 Bb4 4. e3 O-O 5. Bd2 b6 6. Nf3 Bb7 7. Bd3 Bxc3 8. Bxc3 Ne4 9. Qc2 f5 10. b3 Nxc3 11. Qxc3 d6 12. O-O-O Nd7 13. Nd2 Bxg2 14. Rhg1 Bb7 15. d5 Qf6 16. Qxf6 Rxf6 17. dxe6 Nc5 18. Bc2 Re8 19. Nf1 f4 20. Rd4 Nxe6 21. Rd2 Nc5 22. exf4 Rxf4 23. Ng3 Re5 24. h4 Ne4 25. Bxe4 Bxe4 26. Rd4 Rg4 27. Re1 Bf3 28. Rxe5 Rxd4 29. Re7 Rxh4 30. Rxc7 Rh2 31. Nf5 Rg2 32. Nxd6 h5 33. Nf5 Be4 0-1


[Site "https://www.chess.com"]

[Event "Titled Tuesday Blitz March 08 Early 2022"]
[White "Weetik, Vjacheslav"]
[Black "Kirillov, Dmitry"]
[WhiteFideId "4153472"]
[BlackFideId "34180572"]
[WhiteElo "2469"]
[BlackElo "2076"]
[Result "1-0"]
[Round "10"]
[TimeControl "180+1"]
[Date "2022.03.09"]
[WhiteClock "0:00:16"]
[BlackClock "0:00:01"]

1. c3 d5 2. d3 e5 3. h3 Bd6 4. Nd2 c6 5. g4 h5 6. g5 Ne7 7. h4 Nd7 8. e4 Nf8 9. Ne2 Neg6 10. Bg2 dxe4 11. Nxe4 Bg4 12. Qb3 Rb8 13. Be3 b6 14. f3 Be6 15. Qa4 Bd5 16. d4 Ne6 17. O-O-O b5 18. Qc2 O-O 19. Rhg1 Nef4 20. Nxf4 exf4 21. Bf2 Be7 22. a3 a5 23. Rde1 Be6 24. Nc5 Bxc5 25. dxc5 b4 26. cxb4 axb4 27. a4 b3 28. Qc3 Re8 29. Rd1 Qc7 30. Rd6 Ra8 31. Kd2 Bd5 32. Re1 Rxe1 33. Kxe1 Rxa4 34. Bd4 1-0


[Site "https://www.chess.com"]